 Dungeon Crawl Stone Soup version 0.28-a0-172-g787e458d71 (webtiles) character file.

Game seed: 17402568454996977862

237 bande the Shield-Bearer (level 6, -1/38 HPs)
             Began as a Gargoyle Fighter on Aug 16, 2021.
             Slain by a centaur (5 damage)
             ... on level 4 of the Dungeon on Aug 17, 2021.
             The game lasted 00:05:33 (3225 turns).

bande the Shield-Bearer (Gargoyle Fighter)          Turns: 3225, Time: 00:05:33

Health: -1/38      AC: 12    Str: 20    XL:     6   Next: 6%
Magic:  6/6        EV:  7    Int:  9    God:
Gold:   195        SH:  8    Dex: 10    Spells: 5/5 levels left

rFire   . . .      SeeInvis .   a - +0 war axe
rCold   . . .      Faith    .   c - +0 kite shield
rNeg    + . .      Spirit   .   b - +0 scale mail
rPois   ∞          Reflect  .   i - +0 helmet
rElec   +          Harm     .   (no cloak)
rCorr   .          Rampage  .   (no gloves)
Will    .....                   (no boots)
Stlth   ..........              (no amulet)
HPRegen 0.12/turn               (no ring)
MPRegen 0.10/turn               (no ring)

@: no status effects
A: sickness immunity, AC +4, negative energy resistance 1, electricity
resistance, torment resistance 1, petrification resistance
a: no special abilities


You were on level 4 of the Dungeon.
You visited 1 branch of the dungeon, and saw 4 of its levels.

You collected 195 gold pieces.

Inventory:

Hand Weapons
 a - a +0 war axe (weapon)
 h - a +0 flail
Armour
 b - a +0 scale mail (worn)
 c - a +0 kite shield (worn)
 i - a +0 helmet (worn)
Jewellery
 e - a ring of ice
Scrolls
 g - 4 scrolls of amnesia {unknown}
 j - 3 scrolls of teleportation {unknown}
 k - a scroll of torment {unknown}
Potions
 d - 2 potions of might
 f - a potion of cancellation
 l - 2 potions of brilliance {unknown}
 m - a potion of degeneration {unknown}


   Skills:
 + Level 4.2 Fighting
 + Level 3.7 Axes
 + Level 4.2 Armour
 + Level 1.0 Dodging
 + Level 4.2 Shields


You had 5 spell levels left.
You didn't know any spells.
Your spell library contained the following spells:

 Spells                   Type           Power      Damage    Failure   Level
 Ozocubu's Armour         Ice            0%         N/A       100%        3
 Tukima's Dance           Hex            0%         N/A       100%        3
 Passage of Golubria      Tloc           N/A        N/A       100%        4
 Metabolic Englaciation   Hex/Ice        0%         N/A       100%        5
 Yara's Violent Unravell  Hex/Tmut       0%         3d3       100%        5
 Simulacrum               Ice/Necr       0%         N/A       100%        6


Dungeon Overview and Level Annotations

Branches:
Dungeon (4/15)
 Temple: D:4-7

Altars:
Dithmenos
The Shining One

Shops:
D:4 (


Innate Abilities, Weirdness & Mutations

You are immune to sickness and miasma.
Your stone body is resilient. (AC +4)
You are immune to poison.
You resist negative energy. (rN+)
You are resistant to electric shocks. (rElec)
You are resistant to unholy torment.
You are immune to petrification.


Message History

* * * LOW HITPOINT WARNING * * *
The adder skeleton completely misses you.
The centaur barely misses you.
The centaur kicks you but does no damage.
You slash the centaur!
The centaur is almost dead.
You hit the adder skeleton. You block the centaur's attack.
The centaur kicks you but does no damage.
The adder skeleton barely misses you.
The centaur hits you but does no damage.
The centaur closely misses you. The adder skeleton barely misses you.
The centaur hits you but does no damage.
You block the centaur's attack.
You closely miss the centaur.
The centaur is almost dead.
You slash the adder skeleton!
You destroy the adder skeleton!
The centaur hits you.
* * * LOW HITPOINT WARNING * * *
The centaur barely misses you.
The centaur hits you but does no damage.
You block the centaur's attack.
You closely miss the centaur.
The centaur is almost dead.
You block the centaur's attack.
The centaur kicks you but does no damage.
The centaur hits you but does no damage.
The centaur kicks you but does no damage.
You closely miss the centaur.
The centaur is almost dead.
The centaur hits you but does no damage.
You block the centaur's attack. The centaur hits you.
* * * LOW HITPOINT WARNING * * *
The centaur barely misses you.
The centaur hits you but does no damage.
The centaur barely misses you.
Your shield and scale mail prevent you from hitting the centaur.
The centaur is almost dead.
The centaur hits you.
You die...

...8... ....#.
.......#...........
.>.................
.....................
...∩...8.........#...
......... ...........
.....<..###...........#
......c@.##...........#
..#8...8...............
.......................
.......##..##......<..#
#..##..#...#...........
#. #..#.......†.......
. #...............##
.................#.
.........†........


You could see a centaur.

Vanquished Creatures
  A howler monkey (D:3)
  Jessica (D:2)
  An iguana (D:4)
  A hound skeleton (D:4)
  Robin (D:2)
  4 adders
  An adder skeleton (D:4)
  A worm (D:2)
  5 dart slugs
  5 orcs (D:3)
  6 endoplasms
  2 giant cockroaches
  11 goblins
  9 hobgoblins
  5 kobolds
  4 quokkas
  5 ball pythons
  2 bats
  3 frilled lizards
  4 rats
72 creatures vanquished.

Notes
Turn   | Place    | Note
-------+----------+-------------------------------------------
     0 | D:1      | bande the Gargoyle Fighter began the quest for the Orb.
     0 | D:1      | Reached XP level 1. HP: 14/14 MP: 1/1
   137 | D:1      | Found a faded altar of an unknown god.
   139 | D:1      | Reached XP level 2. HP: 19/19 MP: 2/2
   800 | D:1      | Reached XP level 3. HP: 20/23 MP: 3/3
  1529 | D:2      | Found a glowing golden altar of the Shining One.
  1612 | D:2      | Reached XP level 4. HP: 7/29 MP: 4/4
  1854 | D:2      | Noticed Jessica
  1863 | D:2      | Killed Jessica
  2142 | D:3      | Noticed Robin
  2359 | D:2      | Killed Robin
  2360 | D:2      | Reached XP level 5. HP: 33/33 MP: 5/5
  2684 | D:3      | Found a shadowy altar of Dithmenos.
  3087 | D:4      | Reached skill level 1 in Dodging
  3123 | D:4      | Reached XP level 6. HP: 29/38 MP: 6/6
  3214 | D:4      | Found Huliur's Weapon Boutique.
  3225 | D:4      | Slain by a centaur

Illustrated notes

Levels and vault maps discovered:
D:1:      wander_arrival_lonely_grave, layout_basic,
          shapermc_ecumenical_altar_starsandcircs,
          wander_ebering_terrifying_dragon_lair
D:2:      layout_basic, basic_altar, st_stairs_4, dk_vineyard_3,
          minmay_misc_feat_roman, minivault_19, uniq_jessica
D:3:      layout_rooms, grunt_dithmenos_smoke_and_mirrors, grunt_ministairs_13,
          lemuel_another_geyser, uniq_robin
D:4:      minmay_angry_zag, layout_cave_pools, serial_shops,
          nicolae_stop_n_shop_1

Skill      XL: |  1  2  3  4  5 |
---------------+----------------+-----
Axes           | 2 3 |  3.7
Shields        | 4 |  4.2
Fighting       | 4 |  4.2
Armour         | 4 |  4.2
Dodging        | 1 |  1.0

Action                   |  1- 3 |  4- 6 || total
-------------------------+-------+-------++-------
Melee: War axe           |   140 |   109 ||   249
  Use: Scroll            |     2 |       ||     2
Armor: Scale mail        |    77 |    86 ||   163
Dodge: Dodged            |    49 |    62 ||   111
Block: Kite shield       |    60 |    62 ||   122

Table legend: (Time is in decaauts)
 A = Elapsed time spent in this place.
 B = Non-inter-level travel time spent in this place.
 C = Inter-level travel time spent in this place.
 D = Time resting spent in this place.
 E = Time spent auto-exploring this place.
 F = Levels seen in this place.
 G = Mean time per level.
                   A        B        C        D        E       F      G
               +--------+--------+--------+--------+--------+-----+--------+
         Total |   3378 |   3350 |     28 |    699 |   1934 |   4 |  844.5 |
       Dungeon |   3378 |   3350 |     28 |    699 |   1934 |   4 |  844.5 |
               +--------+--------+--------+--------+--------+-----+--------+

Top non-repeatable levels by time:
     D:2: 1326 daAuts
     D:1: 1033 daAuts
     D:3: 848 daAuts
     D:4: 170 daAuts
